 Dungeon Crawl Stone Soup version 0.17.1-1-g73c8601 (console) character file.

184010 Kloppie the Warrior (level 17, -10/255 HPs)
             Began as a Minotaur Berserker on Dec 19, 2015.
             Was a High Priest of Trog.
             Mangled by an emperor scorpion (16 damage)
             ... on level 4 of the Spider Nest.
             The game lasted 01:21:14 (33041 turns).

Kloppie the Warrior (Minotaur Berserker)           Turns: 33041, Time: 01:21:14

Health: -10/255    AC: 28    Str: 24 (28) XL:     17   Next: 76%
Magic:  0/16       EV: 15    Int:  6 (7)  God:    Trog [*****.]
Gold:   4375       SH:  0    Dex: 18 (20) Spells: 0 memorised, 16 levels left

rFire  . . .     SeeInvis .     a - +4 executioner's axe (elec)
rCold  + . .     Clarity  .     N - +2 plate armour {MR+}
rNeg   + + .     SustAt   .     (shield currently unavailable)
rPois  +         Gourm    .     (helmet restricted)
rElec  .         Spirit   .     z - +1 ratskin cloak {rPois rN+ Int-1 Dex-1}
rCorr  .         Warding  .     m - +1 pair of gloves {Dex+3}
rMut   .         Stasis   .     q - +1 pair of boots {run}
MR     ++++.                    i - amulet of regeneration
Stlth  ..........               r - ring "Qoejiy" {rC+ Int+4 Dex+2}
                                F - ring of positive energy

@: berserking, lethally poisoned (-10 -> -12), regenerating, studying Axes, very
quick, incredibly resistant to hostile enchantments, extremely unstealthy
A: retaliatory headbutt, horns 2
a: Berserk, Trog's Hand, Brothers in Arms, Burn Spellbooks, Renounce Religion


You were on level 4 of the Spider Nest.
You worshipped Trog.
Trog was extremely pleased with you.
You were not hungry.

You visited 5 branches of the dungeon, and saw 34 of its levels.
You also visited: Labyrinth, Sewer and Ossuary.

You collected 4507 gold pieces.
You spent 132 gold pieces at shops.

Inventory:

Hand Weapons
 a - a +4 executioner's axe of electrocution (weapon)
 b - a +3 eveningstar of draining
 C - a +3 antimagic executioner's axe
Missiles
 K - 10 javelins of returning (quivered)
Armour
 m - a +1 pair of gloves of dexterity (worn)
 q - a +1 pair of boots of running (worn)
 z - the +1 ratskin cloak (worn) {rPois rN+ Int-1 Dex-1}
   (You found it on level 10 of the Dungeon)

   It affects your intelligence (-1).
   It affects your dexterity (-1).
   It protects you from poison.
   It protects you from negative energy.
 N - a +2 plate armour of magic resistance (worn)
Jewellery
 i - an amulet of regeneration (around neck)
 l - an uncursed ring of sustain attributes
 r - the ring "Qoejiy" (right hand) {rC+ Int+4 Dex+2}
   (You found it on level 8 of the Lair of Beasts)

   [ring of intelligence]

   It affects your intelligence (+4).
   It affects your dexterity (+2).
   It protects you from cold.
 y - an uncursed amulet of resist mutation
 F - a ring of positive energy (left hand)
 Q - an uncursed ring of flight
Wands
 v - a wand of paralysis (9)
 w - a wand of teleportation (1)
 A - a wand of digging (15)
 E - a wand of digging (13)
 H - a wand of disintegration (17)
 L - a wand of flame (22)
 P - a wand of slowing (16)
 R - a wand of digging (14)
Scrolls
 e - 4 scrolls of holy word
 f - 11 scrolls of teleportation
 h - 14 scrolls of remove curse
 j - a scroll of summoning
 k - 9 scrolls of magic mapping
 o - a scroll of blinking
 J - a scroll of enchant armour
 M - 5 scrolls of fog
 U - 2 scrolls of fear
 W - 2 scrolls of silence
Potions
 d - a potion of ambrosia
 g - 6 potions of might
 n - 11 potions of curing
 p - a potion of cure mutation
 t - 2 potions of lignification
 u - a potion of flight
 x - a potion of resistance
 B - 4 potions of invisibility
 G - a potion of berserk rage
 S - 6 potions of cancellation
 V - 2 potions of haste
 X - 3 potions of agility
Books
 D - a manual of Axes
 O - a book of Air

   Spells                             Type                      Level
   a - Shock                          Conjuration/Air              1
   b - Swiftness                      Charms/Air                   2
   c - Repel Missiles                 Charms/Air                   2
   d - Static Discharge               Conjuration/Air              3
   e - Lightning Bolt                 Conjuration/Air              5
   Trog disapproves of the use of such an item.
Comestibles
 c - 9 bread rations
 s - 11 meat rations


   Skills:
 - Level 20.2 Fighting
 - Level 19.8 Axes
 + Level 8.4 Throwing
 + Level 18.1 Armour
 - Level 12.3 Dodging


You had 16 spell levels left.
You didn't know any spells.

Dungeon Overview and Level Annotations

Branches:
Dungeon (15/15)            Temple (0/1) D:6            Lair (8/8) D:9
  Swamp (3/4) Lair:6       Spider (4/4) Lair:3        Slime (0/6) Lair:6
    Orc (4/4) D:11            Elf (0/3) Orc:4        Vaults (0/5) D:13
 Depths (0/5) D:15

Altars:
Elyvilon
Fedhas
Makhleb
Nemelex Xobeh
Okawaru
Trog
Xom
Yredelemnul
The Shining One
Beogh
Jiyva

Shops:
D:6 %   Orc:1 !   Orc:4 [([:(

Annotations:
D:3 exclusion: oklob plant
Spider:1 exclusion: Roxanne, Roxanne


Innate Abilities, Weirdness & Mutations

You reflexively headbutt those who attack you in melee.
You have a pair of horns on your head.


Message History

* * * LOW HITPOINT WARNING * * *
The emperor scorpion misses you.
The emperor scorpion stings you but does no damage.
The emperor scorpion claws you but does no damage. x2
The emperor scorpion completely misses you.
The emperor scorpion misses you. x2
You open the emperor scorpion like a pillowcase!!!
You feel the power of Trog in you as your rage grows.
You kill the emperor scorpion!
Trog accepts your kill.
You closely miss the emperor scorpion. You slash the emperor scorpion!
The emperor scorpion is severely wounded.
You feel sick.
You slash the emperor scorpion!
Your headbutt misses the emperor scorpion.
The emperor scorpion is lightly wounded.
You closely miss the emperor scorpion.
The emperor scorpion is severely wounded.
You feel sick. The emperor scorpion stings you!
You die...

##≈....# *,,+...,,..^*#..#..≈#
##≈≈.≈##***#...,,..,*####..^#
#####≈.≈### *,..##.,,* ##≈.≈##
.####≈..≈≈##*,,#††#,,*##≈.≈##
^..≈##≈...^#***#..##**#≈?..#
..≈≈≈≈≈^..≈#####...# ##≈†.≈###
####≈≈≈#≈..≈#≈≈##≈.###≈...##.##
######≈≈....##†≈##(..≈≈≈≈(.#*
###≈≈.≈.@s.≈...≈#≈≈≈...#
#####..s..#######≈≈### #≈.≈###
#### #####


You could see 2 emperor scorpions.

Vanquished Creatures
  Rupert (Lair:4)
  A sphinx (D:13)
  Kirke (Swamp:2)
  Wiglaf (Spider:3)
  Donald (Swamp:2)
  Maud (D:11)
  The ghost of Timinator the Brawler, a journeyman TrMo (D:15)
  4 emperor scorpions
  4 ghost moths
  The ghost of riffraff the Cruncher, a journeyman DsBe of Trog (Spider:2)
  A minotaur (Lab)
  3 entropy weavers
  Harold (Lair:3)
  3 centaur warriors
  4 catoblepae
  10 hydras
  Erica (D:9)
  The ghost of Kloppie the Grappler, a novice DrMo of Makhleb (Lair:1)
  2 dancing weapons (D:13)
  9 alligators
  19 death yaks
  2 tengu warriors (D:15)
  Urug (D:15)
  2 spriggans (Swamp:3)
  An unseen horror (D:15)
  A wizard (D:14)
  3 orc knights
  The ghost of Bane the Protected, a novice FoFi of Okawaru (D:8)
  4 swamp dragons
  A shambling mangrove (Swamp:3)
  15 ugly things
  6 hill giants
  4 orc sorcerers (Orc:4)
  3 cyclopes
  2 moths of wrath
  10 orb spiders
  3 manticores
  3 black mambas
  4 hornets (Spider:4)
  Maurice (D:8)
  23 wolf spiders
  7 elephants
  A gargoyle (D:13)
  18 spiny frogs
  6 komodo dragons
  7 demonic crawlers
  4 fire drakes
  3 yaktaurs (D:15)
  7 polar bears
  A tengu conjurer (D:14)
  7 giant leeches
  4 trolls
  24 blink frogs
  19 jumping spiders
  22 slime creatures
  Grinder (D:6)
  A two-headed ogre (D:14)
  A freezing wraith (D:14)
  A boulder beetle (Lair:5)
  3 bog bodies
  20 trapdoor spiders
  A shadow (Swamp:3)
  2 centaur simulacra
  Sigmund (D:2)
  6 basilisks
  5 hungry ghosts
  A vampire (D:14)
  50 redbacks
  A wyvern (D:12)
  A hog (Swamp:2)
  Eustachio (D:4)
  2 deep elf magi
  3 fire bats (Orc:3)
  2 wraiths
  Grum (D:9)
  21 tarantellas
  The ghost of n00bb0dy the Cudgeler, an amateur DsFi (D:3)
  8 hippogriffs
  67 yaks
  A soldier ant (D:12)
  Menkaure (D:6)
  15 insubstantial wisps
  A soldier ant (shapeshifter) (D:15)
  9 vampire mosquitoes
  17 swamp worms
  14 water moccasins
  2 mottled dragons
  A warg (Orc:4)
  33 wolves
  19 porcupines
  8 spiders
  Duvessa (D:7)
  5 swamp drakes
  An ice beast (D:8)
  4 sky beasts
  An eye of draining (D:11)
  2 black bears
  11 wasps
  47 orc warriors
  20 ogres
  9 centaurs
  A phantom (D:9)
  12 crocodiles
  An elf zombie (Ossuary)
  A big kobold (D:7)
  17 giant frogs
  Blork the orc (D:5)
  Dowan (D:7)
  A gnoll sergeant (D:7)
  3 scorpions
  3 electric eels
  16 killer bees
  12 wights
  7 centaur zombies
  A centaur skeleton (D:5)
  7 crimson imps
  29 orc priests
  A human zombie (Ossuary)
  2 wasp zombies
  Crazy Yiuf (D:7)
  9 hounds
  38 orc wizards
  5 jellies
  A giant frog skeleton (D:4)
  9 iguanas
  2 killer bee zombies
  18 worker ants
  23 sheep
  3 big kobold zombies (Ossuary)
  2 hound zombies
  3 hound skeletons
  2 mummies (Ossuary)
  A worker ant zombie (D:9)
  Robin (D:4)
  9 adders
  10 gnolls
  64 river rats
  4 shadow imps
  An adder skeleton (D:5)
  3 worms
  14 giant geckos
  221 orcs
  A ball python (D:3)
  10 bats
  6 giant cockroaches
  12 goblins
  10 hobgoblins
  12 jackals
  11 kobolds
  3 quokkas
  A giant gecko zombie (D:6)
  2 giant newts
  6 hobgoblin zombies (Ossuary)
  A jackal skeleton (D:6)
  2 jackal zombies (Ossuary)
  6 kobold zombies (Ossuary)
  13 orc zombies (Ossuary)
  A quokka skeleton (D:4)
  2 quokka zombies
  9 rats
  2 rat zombies (Ossuary)
  A bush (D:3)
  6 fungi
  5 plants
1395 creatures vanquished.

Vanquished Creatures (collateral kills)
  Saint Roka (Orc:3)
  Arachne (Spider:2)
  The ghost of Clownie the Spry, a journeyman FeMo of Jiyva (Swamp:2)
  A skeletal warrior (D:13)
  An orb spider (Spider:1)
  A wolf spider (Spider:3)
  A cyclops (D:13)
  A demonic crawler (Spider:1)
  A jumping spider (Spider:3)
9 creatures vanquished.

Vanquished Creatures (others)
  Sonja (Lair:3)
  2 humans
  9 fungi
  6 plants
18 creatures vanquished.

Grand Total: 1422 creatures vanquished

Notes
Turn   | Place    | Note
--------------------------------------------------------------
     0 | D:1      | Kloppie the Minotaur Berserker began the quest for the Orb.
     0 | D:1      | Reached XP level 1. HP: 19/19 MP: 0/0
   590 | D:1      | Reached skill level 4 in Axes
   590 | D:1      | Reached XP level 2. HP: 27/27 MP: 1/1
  1045 | D:1      | You fall through a shaft!
  1080 | D:2      | Found an iron altar of Okawaru.
  1130 | D:2      | Reached ** piety under Trog
  1130 | D:2      | Reached XP level 3. HP: 32/34 MP: 2/2
  1516 | D:2      | Noticed Sigmund
  1534 | D:2      | Killed Sigmund
  1534 | D:2      | Reached skill level 5 in Fighting
  1534 | D:2      | Reached skill level 5 in Axes
  1534 | D:2      | Reached XP level 4. HP: 44/44 MP: 3/3
  1534 | D:2      | Reached XP level 5. HP: 50/50 MP: 4/4
  1534 | D:2      | Reached skill level 6 in Fighting
  1859 | D:3      | Noticed n00bb0dy's ghost (amateur DsFi)
  1867 | D:3      | Killed n00bb0dy's ghost
  1867 | D:3      | Reached XP level 6. HP: 58/58 MP: 5/5
  2368 | D:3      | Found a blossoming altar of Fedhas.
  2381 | D:3      | Noticed an oklob plant
  2664 | D:4      | Noticed Eustachio
  2667 | D:4      | Noticed Robin
  2667 | D:4      | Reached skill level 7 in Fighting
  2671 | D:4      | Reached XP level 7. HP: 25/66 MP: 6/6
  2885 | D:4      | Killed Eustachio
  2888 | D:4      | Killed Robin
  3045 | D:4      | Reached skill level 8 in Fighting
  3136 | D:4      | Reached *** piety under Trog
  3740 | D:4      | Found a basalt altar of Yredelemnul.
  3740 | D:4      | Found a burning altar of Makhleb.
  3764 | D:4      | Reached XP level 8. HP: 63/77 MP: 7/7
  3879 | D:5      | Entered Level 5 of the Dungeon
  3890 | D:5      | Noticed Blork the orc
  3902 | D:5      | Killed Blork the orc
  3902 | D:5      | Reached skill level 9 in Fighting
  3904 | D:5      | Got a heavily runed plate armour
  3933 | D:5      | Found a glowing drain.
  3934 | D:5      | Received a gift from Trog
  3964 | Sewer    | Entered a sewer
  4076 | D:5      | Found a sand-covered staircase.
  4097 | Ossuary  | Entered an ossuary
  4264 | Ossuary  | Reached skill level 10 in Fighting
  4332 | D:5      | Reached skill level 10 in Axes
  4638 | D:5      | Found a sparkling altar of Nemelex Xobeh.
  4859 | D:5      | Identified the +0 plate armour of the Quahog {+Blink rElec Str+3 Dex-3} (You found it on level 5 of the Dungeon)
  4892 | D:6      | Reached XP level 9. HP: 83/86 MP: 8/8
  4983 | D:6      | Reached **** piety under Trog
  4983 | D:6      | Reached skill level 11 in Fighting
  5046 | D:6      | Found Reheicvergh's Food Emporium.
  5092 | D:6      | Found a staircase to the Ecumenical Temple.
  5236 | D:6      | Noticed Grinder
  5237 | D:6      | Paralysed by Grinder for 6 turns
  5245 | D:6      | Killed Grinder
  5265 | D:6      | Noticed Menkaure
  5270 | D:6      | Killed Menkaure
  5850 | D:7      | Reached skill level 12 in Fighting
  5935 | D:7      | Noticed Duvessa
  5935 | D:7      | Noticed Dowan
  5950 | D:7      | Killed Duvessa
  5957 | D:7      | Killed Dowan
  6358 | D:7      | Reached XP level 10. HP: 38/99 MP: 9/9
  6380 | D:7      | HP: 4/99 [poisoned by a gnoll sergeant]
  6618 | D:7      | Noticed Crazy Yiuf
  6624 | D:7      | Killed Crazy Yiuf
  6982 | D:8      | Found a blossoming altar of Fedhas.
  7104 | D:8      | Noticed Bane's ghost (novice FoFi)
  7112 | D:8      | Killed Bane's ghost
  7112 | D:8      | Reached skill level 13 in Fighting
  7188 | D:8      | Found a glowing golden altar of the Shining One.
  7196 | D:8      | Found a bloodstained altar of Trog.
  7199 | D:8      | Found a blossoming altar of Fedhas.
  7202 | D:8      | Found a shimmering altar of Xom.
  7292 | D:8      | Reached ***** piety under Trog
  7387 | D:8      | Found Qositwo's Magic Scroll Boutique.
  7456 | D:9      | Found a staircase to the Lair.
  7456 | D:9      | Noticed Maurice
  7515 | D:8      | Received a gift from Trog
  7527 | D:8      | Killed Maurice
  7692 | D:9      | Noticed Grum
  7694 | D:9      | Reached skill level 14 in Fighting
  7695 | D:9      | Noticed Erica
  7704 | D:9      | Killed Grum
  7716 | D:9      | Killed Erica
  7716 | D:9      | Reached XP level 11. HP: 65/111 MP: 10/10
  8086 | D:9      | Found a sparkling altar of Nemelex Xobeh.
  8337 | Lair:1   | Entered Level 1 of the Lair of Beasts
  8363 | Lair:1   | Noticed Kloppie's ghost (novice DrMo)
  8391 | Lair:1   | Killed Kloppie's ghost
  8563 | Lair:1   | Reached skill level 15 in Fighting
  8814 | Lair:1   | Received a gift from Trog
  8849 | Lair:1   | Reached skill level 15 in Axes
  8874 | Lair:1   | Reached skill level 5 in Armour
  9446 | Lair:2   | Noticed a five-headed hydra
  9458 | Lair:2   | Killed a two-headed hydra
  9483 | Lair:2   | Reached XP level 12. HP: 62/119 MP: 11/11
  9712 | Lair:2   | Noticed a seven-headed hydra
  9729 | Lair:2   | Killed a two-headed hydra
  9729 | Lair:2   | Reached skill level 16 in Axes
 10291 | Lair:3   | Noticed Harold
 10301 | Lair:3   | Killed Harold
 10546 | Lair:3   | Found a hole to the Spider Nest.
 10612 | Lair:3   | Noticed a five-headed hydra
 10620 | Lair:3   | Killed a one-headed hydra
 10773 | Lair:3   | Noticed Sonja
 10779 | Lair:3   | Killed Sonja
 11099 | Lair:4   | Noticed Rupert
 11111 | Lair:4   | Killed Rupert
 11111 | Lair:4   | Reached skill level 17 in Axes
 11111 | Lair:4   | Reached skill level 10 in Armour
 11802 | Lair:4   | Received a gift from Trog
 11804 | Lair:4   | Reached XP level 13. HP: 126/126 MP: 12/12
 12297 | Lair:5   | Reached skill level 18 in Axes
 12774 | Lair:6   | Found a staircase to the Slime Pits.
 12777 | Lair:6   | Found a viscous altar of Jiyva.
 13309 | Lair:6   | Found a staircase to the Swamp.
 14064 | Lair:7   | Reached ****** piety under Trog
 14094 | Lair:7   | Reached skill level 19 in Axes
 14124 | Lair:7   | Received a gift from Trog
 15195 | D:10     | Entered Level 10 of the Dungeon
 15208 | D:10     | Reached XP level 14. HP: 121/135 MP: 13/13
 15888 | D:11     | Found a staircase to the Orcish Mines.
 16342 | D:11     | Noticed Maud
 16349 | D:11     | Killed Maud
 16967 | Orc:1    | Entered Level 1 of the Orcish Mines
 16975 | Orc:1    | Received a gift from Trog
 16982 | Orc:1    | Reached skill level 15 in Armour
 17063 | Orc:1    | Found Nupteja's Distillery.
 17073 | Orc:1    | Bought a potion of haste for 120 gold pieces
 17073 | Orc:1    | Bought a potion of poison for 12 gold pieces
 17515 | Orc:3    | Received a gift from Trog
 18346 | Orc:2    | Received a gift from Trog
 18879 | Orc:4    | Entered Level 4 of the Orcish Mines
 18918 | Orc:4    | Found Niwolyf's Book Shop.
 19006 | Orc:4    | Reached skill level 5 in Dodging
 19128 | Orc:4    | Noticed Saint Roka
 19307 | Orc:3    | Killed Saint Roka
 19707 | Orc:4    | Found a staircase to the Elven Halls.
 19731 | Orc:4    | Received a gift from Trog
 19823 | Orc:4    | Found a roughly hewn altar of Beogh.
 19837 | Orc:4    | Found Piungitt's Antique Weapon Shop.
 19924 | Orc:4    | Found a roughly hewn altar of Beogh.
 20066 | Orc:4    | Found Geuphous's Antique Armour Shop.
 20066 | Orc:4    | Found a roughly hewn altar of Beogh.
 20068 | Orc:4    | Found Ybaty's Antique Weapon Boutique.
 20200 | Orc:4    | Found a roughly hewn altar of Beogh.
 20216 | Orc:4    | Found Uricerphi's Antique Armour Emporium.
 20679 | Lair:8   | Entered Level 8 of the Lair of Beasts
 20833 | Lair:8   | Received a gift from Trog
 20940 | Lair:8   | Identified a scroll of acquirement
 21124 | Lair:8   | Reached XP level 15. HP: 95/141 MP: 14/14
 21128 | Lair:8   | Reached skill level 10 in Dodging
 22172 | Lair:8   | Received a gift from Trog
 22432 | Lair:8   | Got a shimmering pewter ring
 22544 | Swamp:1  | Entered Level 1 of the Swamp
 22679 | Swamp:1  | Identified the ring "Qoejiy" {rC+ Int+4 Dex+2} (You found it on level 8 of the Lair of Beasts)
 23525 | Swamp:2  | Noticed Donald
 23547 | Swamp:2  | Killed Donald
 23727 | Swamp:2  | Noticed Clownie's ghost (journeyman FeMo)
 23747 | Swamp:2  | Killed Clownie's ghost
 23960 | Swamp:2  | Noticed Kirke
 23971 | Swamp:2  | Killed Kirke
 24549 | Swamp:3  | Received a gift from Trog
 24856 | Swamp:3  | Reached XP level 16. HP: 138/157 MP: 15/15
 25866 | D:13     | Found a labyrinth entrance.
 25878 | Lab      | Entered a labyrinth
 26020 | Lab      | Got a steaming war axe {freeze}
 26029 | Lab      | Got a bloodstained dagger
 26149 | D:13     | Found a gate to the Vaults.
 26179 | D:13     | Found a shimmering altar of Xom.
 26180 | D:13     | Found a shimmering altar of Xom.
 26181 | D:13     | Found a shimmering altar of Xom.
 26182 | D:13     | Found a shimmering altar of Xom.
 26182 | D:13     | Found a shimmering altar of Xom.
 26542 | D:13     | Identified Iskenderun's Volume of Attacks
 27244 | D:14     | Found an iron altar of Okawaru.
 27288 | D:14     | Received a gift from Trog
 27564 | D:15     | Entered Level 15 of the Dungeon
 27609 | D:15     | Noticed Urug
 27616 | D:15     | Killed Urug
 27659 | D:15     | Found a white marble altar of Elyvilon.
 27682 | D:15     | Reached skill level 20 in Fighting
 27936 | D:15     | Noticed Timinator's ghost (journeyman TrMo)
 27952 | D:15     | Killed Timinator's ghost
 28024 | D:15     | Found a staircase to the Depths.
 28573 | Spider:1 | Entered Level 1 of the Spider Nest
 28631 | Spider:1 | Reached skill level 1 in Throwing
 28922 | Spider:1 | Received a gift from Trog
 29073 | Spider:1 | HP: 8/163 [poisoned by a wolf spider]
 29078 | Spider:1 | HP: 4/163 [poisoned by a wolf spider]
 29083 | Spider:1 | HP: 5/163 [poisoned by a wolf spider]
 29088 | Spider:1 | HP: 6/163 [poisoned by a wolf spider]
 29442 | Spider:1 | Identified a +1 pair of boots of running (You acquired it on level 1 of the Spider Nest)
 29502 | Spider:1 | Noticed Roxanne
 29720 | Spider:2 | Reached XP level 17. HP: 170/170 MP: 16/16
 29787 | Spider:2 | Noticed riffraff's ghost (journeyman DsBe)
 29804 | Spider:2 | Killed riffraff's ghost
 30051 | Spider:2 | Received a gift from Trog
 30117 | Spider:2 | Noticed Arachne
 30126 | Spider:2 | Killed Arachne
 30210 | Spider:2 | Reached skill level 5 in Throwing
 31159 | Spider:4 | Entered Level 4 of the Spider Nest
 31480 | Spider:4 | Received a gift from Trog
 31603 | Spider:4 | Noticed Wiglaf
 31768 | Spider:3 | Killed Wiglaf
 31925 | Spider:4 | Got a slimy war axe
 31930 | Spider:4 | Identified the cursed +3 war axe "Mepaafih" {vamp, rN+} (You found it on level 4 of the Spider Nest)
 33037 | Spider:4 | HP: 8/255 [emperor scorpion (8)]
 33041 | Spider:4 | Mangled by an emperor scorpion

Action                   |  1- 3 |  4- 6 |  7- 9 | 10-12 | 13-15 | 16-18 || total
-------------------------+-------+-------+-------+-------+-------+-------++-------
Melee: Hand axe          |    85 |    21 |       |       |       |       ||   106
       War axe           |       |    65 |   403 |    35 |       |       ||   503
       Battleaxe         |       |       |       |   399 |       |       ||   399
       Scimitar          |       |       |       |    21 |    11 |       ||    32
       Executioner's axe |       |       |       |    80 |  1174 |   678 ||  1932
       Eveningstar       |       |       |       |       |    14 |     5 ||    19
Throw: Javelin           |       |       |       |       |       |    50 ||    50
Invok: Trog's Hand       |     1 |     2 |     1 |     7 |     7 |     8 ||    26
       Berserk           |     1 |     1 |     2 |     5 |     2 |     2 ||    13
       Brothers in Arms  |       |       |       |     2 |     3 |     6 ||    11
  Use: Scroll            |       |       |    17 |     3 |    18 |    10 ||    48
       Potion            |       |       |     1 |     2 |     3 |     5 ||    11
 Stab: Confused          |       |       |       |       |     1 |       ||     1
       Distracted        |       |       |       |       |       |     1 ||     1
  Eat: Chunk             |     2 |     6 |    17 |    27 |    45 |    18 ||   115
       Fruit             |       |       |     2 |     2 |     4 |       ||     8
       Royal jelly       |       |       |       |     1 |       |       ||     1
       Beef jerky        |       |       |       |       |     3 |     5 ||     8
       Meat ration       |       |       |       |       |     1 |     3 ||     4
       Bread ration      |       |       |       |       |       |     1 ||     1
       Pizza             |       |       |       |       |       |     1 ||     1
